 Seeded DCSS version 0.30.1-11-g7821555f0a (webtiles) character file.

Game seed: 10574354823592160604 (custom seed)

375 Psyclone the Destroyer (level 6, -6/32 HPs)
             Began as a Deep Elf Conjurer on Nov 20, 2023.
             Mangled by a wyvern (9 damage)
             ... on level 5 of the Dungeon.
             The game lasted 00:01:22 (833 turns).

Psyclone the Destroyer (Deep Elf Conjurer)           Turns: 833, Time: 00:01:23

Health: -6/32      AC:  4    Str:  4    XL:     6   Next: 44%
Magic:  6/24       EV: 12    Int: 25    God:
Gold:   0          SH:  0    Dex: 13    Spells: 18/21 levels left

rFire   + + .        d - +4 dagger
rCold   . . .        (no shield)
rNeg    . . .        a - +0 robe
rPois   .            (no helmet)
rElec   .            (no cloak)
rCorr   .            (no gloves)
SInv    .            (no boots)
Will    .....        (no amulet)
Stlth   ++           (no ring)
HPRegen 0.25/turn    (no ring)
MPRegen 0.19/turn

%: random rage (3%)
@: no status effects
A: iridescent scales 1, berserk 1, fire resistance 2, high MP 3
a: no special abilities


You were on level 5 of the Dungeon.
You visited 1 branch of the dungeon, and saw 5 of its levels.

Inventory:

Hand Weapons
 d - a +4 dagger (weapon)
Missiles
 c - a throwing net {!f}
Armour
 a - a +0 robe (worn)
Scrolls
 e - a scroll of identify {unknown}
 f - a scroll of enchant armour {unknown}
 g - a scroll of amnesia {unknown}
Potions
 b - a potion of magic


   Skills:
 - Level 2.4 Dodging
 - Level 2.4 Stealth
 + Level 8.4 Spellcasting
 * Level 8.6 Conjurations
 - Level 4.6 Hexes
 - Level 3.6 Translocations


You had 18 spell levels left.
You knew the following spells:

 Your Spells              Type           Power      Damage    Failure   Level
a - Magic Dart            Conj           100%       1d8       1%          1
b - Searing Ray           Conj           100%       2d8       1%          2

Your spell library contained the following spells:

 Spells                   Type           Power      Damage    Failure   Level
 Dazzling Flash           Conj/Hex       86%        N/A       1%          3
 Fulminant Prism          Conj/Hex       21%        3d12      3%          4
 Iskenderun's Mystic Bla  Conj/Tloc      41%        2d9       4%          4


Dungeon Overview and Level Annotations

Branches:
Dungeon (5/15) Zot: 26786
 Temple: D:4-7

Altars:
Cheibriados
Hepliaklqana


Innate Abilities, Weirdness & Mutations

You are partially covered in iridescent scales. (AC +2)
You sometimes lose your temper in combat.
Your flesh is very heat resistant. (rF++)
You have a greatly increased reservoir of magic. (+30% MP)


Message History

The wyvern hisses angrily.
Press: ? - help, v - describe, . - travel A rock wall.
Casting: Searing Ray (safe; 1% risk of failure)
Confirm with . or Enter, or press ? or * to list all spells.
Aiming: Searing Ray (safe; 1% risk of failure)
Press: ? - help, Shift-Dir - straight line, f - wyvern
Aim: a wyvern (83% to hit)
The searing ray hits the wyvern!
The wyvern is moderately wounded. (Press . to maintain the ray.)
The wyvern bites you! The wyvern barely misses you.
You take 11 damage, and have 21/32 hp.
MASSIVE DAMAGE!!
You now have 11/24 mp.
The searing ray hits the wyvern but does no damage.
The wyvern is moderately wounded.
The wyvern closely misses you.
The searing ray hits the wyvern!
The wyvern is heavily wounded.
The wyvern completely misses you. The wyvern bites you.
You take 5 damage, and have 16/32 hp.
You now have 10/24 mp.
The searing ray hits the wyvern!
The wyvern is almost dead.
You finish channelling your searing ray.
The wyvern bites you!
* * * LOW HITPOINT WARNING * * *
You take 14 damage, and have 2/32 hp.
MASSIVE DAMAGE!!
You now have 9/24 mp.
Casting: Searing Ray (safe; 1% risk of failure)
Confirm with . or Enter, or press ? or * to list all spells.
Aiming: Searing Ray (safe; 1% risk of failure)
Press: ? - help, Shift-Dir - straight line, f/p - wyvern
Aim: a wyvern (almost dead, 83% to hit)
The searing ray hits the wyvern but does no damage.
The wyvern is almost dead. (Press . to maintain the ray.)
The wyvern barely misses you. The wyvern closely misses you.
You now have 7/24 mp.
The searing ray hits the wyvern.
The wyvern is almost dead.
The wyvern bites you!
You die...

#.. ##.####
# #....(#.#
#.....#.#
###.......##
..........#
#l....# #@.#
#..# #..#
#..#######
###.†.......
#.....######
#.###.# #.#
#.# #.# #.#


You could see a wyvern.

Vanquished Creatures
  3 scorpions
  A hound (D:5)
  A jelly (D:5)
  An orc wizard (D:5)
  3 gnolls (D:5)
  2 adders
  2 worms (D:2)
  A dart slug (D:1)
  7 orcs (D:5)
  A giant cockroach (D:1)
  2 goblins (D:1)
  A quokka (D:3)
  2 bats (D:1)
  A frilled lizard (D:3)
  2 kobolds (D:1)
  3 rats
33 creatures vanquished.

Notes
Turn   | Place    | Note
-------+----------+-------------------------------------------
     0 | D:1      | Psyclone the Deep Elf Conjurer began the quest for the Orb.
     0 | D:1      | Reached XP level 1. HP: 10/10 MP: 6/6
    60 | D:1      | Gained mutation: You sometimes lose your temper in combat.
                  | [potion of mutation]
    60 | D:1      | Gained mutation: You have an uncontrollable temper. [potion
                  | of mutation]
    60 | D:1      | Gained mutation: You do not regenerate when monsters are
                  | visible. [potion of mutation]
    60 | D:1      | Gained mutation: You have hidden genetic potential. [potion
                  | of mutation]
   224 | D:1      | Reached XP level 2. HP: 15/15 MP: 6/8
   224 | D:1      | Gained mutation: Your spells are a little harder to cast,
                  | but a little more powerful. [hidden potential]
   255 | D:2      | Learned a level 2 spell: Searing Ray
   323 | D:2      | Reached skill level 5 in Conjurations
   367 | D:2      | Reached XP level 3. HP: 19/19 MP: 9/14
   483 | D:3      | Gained mutation: Your mind is acute. (Int +4, Str/Dex -1)
                  | [hidden potential]
   483 | D:3      | Lost mutation: You have hidden genetic potential. [hidden
                  | potential expressed]
   496 | D:3      | Lost mutation: Your mind is acute. (Int +4, Str/Dex -1)
                  | [potion of mutation]
   496 | D:3      | Lost mutation: You do not regenerate when monsters are
                  | visible. [potion of mutation]
   496 | D:3      | Gained mutation: You have hidden genetic potential. [potion
                  | of mutation]
   496 | D:3      | Gained mutation: You are robust. (+10% HP) [potion of
                  | mutation]
   496 | D:3      | Gained mutation: You are partially covered in iridescent
                  | scales. (AC +2) [potion of mutation]
   521 | D:3      | Found a hazy altar of Hepliaklqana.
   536 | D:4      | Noticed a scorpion
   536 | D:4      | Found a snail-covered altar of Cheibriados.
   543 | D:4      | Killed a scorpion
   544 | D:4      | Reached XP level 4. HP: 25/26 MP: 6/15
   557 | D:4      | Gained mutation: You have an increased reservoir of magic.
                  | (+10% MP) [hidden potential]
   620 | D:5      | Entered Level 5 of the Dungeon
   620 | D:5      | Noticed a scorpion
   621 | D:5      | Noticed a scorpion
   625 | D:5      | Killed a scorpion
   626 | D:5      | Reached XP level 5. HP: 30/30 MP: 12/19
   634 | D:5      | Gained mutation: Your flesh is heat resistant. (rF+)
                  | [hidden potential]
   634 | D:5      | Lost mutation: You have hidden genetic potential. [hidden
                  | potential expressed]
   635 | D:5      | Lost mutation: Your spells are a little harder to cast, but
                  | a little more powerful. [potion of mutation]
   635 | D:5      | Lost mutation: You are robust. (+10% HP) [potion of
                  | mutation]
   635 | D:5      | Gained mutation: You have a considerably increased
                  | reservoir of magic. (+20% MP) [potion of mutation]
   635 | D:5      | Gained mutation: You have a greatly increased reservoir of
                  | magic. (+30% MP) [potion of mutation]
   635 | D:5      | Lost mutation: You have an uncontrollable temper. [potion
                  | of mutation]
   635 | D:5      | Gained mutation: Your flesh is very heat resistant. (rF++)
                  | [potion of mutation]
   707 | D:5      | Reached XP level 6. HP: 32/32 MP: 14/24
   826 | D:5      | Noticed a wyvern
   833 | D:5      | Mangled by a wyvern

Illustrated notes

Levels and vault maps discovered:
D:1:      doesnt_arrival_eight_statues, layout_loops_ring, serial_shops, shop
D:2:      layout_basic
D:3:      layout_loops_ring, mainiacjoe_overflow_brackets
D:4:      layout_layer_cave, nzn_wu_jian_council_hall,
          mainiacjoe_overflow_tiny_flanked, uniq_sigmund
D:5:      layout_loops_ring, kennysheep_orc_sif_temple, old_standard_altar,
          gup_sewer_entry_spiral, minmay_manual_mares, uniq_crazy_yiuf_cottage,
          uniq_eustachio, uniq_grinder

Skill      XL: |  1  2  3  4 |
---------------+-------------+-----
Conjurations   | 7 8 |  8.6
Spellcasting   | 7 8 |  8.4
Hexes          | 4 |  4.6
Translocations | 3 |  3.6
Dodging        | |  2.4
Stealth        | |  2.4

Action                     |  1- 3 |  4- 6 || total
---------------------------+-------+-------++-------
   Cast: Magic Dart        |    18 |    15 ||    33
         Searing Ray       |     6 |     8 ||    14
    Use: Potion            |     3 |     1 ||     4
  Dodge: Dodged            |     2 |     6 ||     8
